 Dungeon Crawl Stone Soup version 0.29.0-4-gdea44cf6ec (webtiles) character file.

Game seed: 4052957759454168547

5558 qw the Cleaver (level 10, -1/60 HPs)
             Began as a Tengu Warper on Aug 28, 2022.
             Was a Believer of Okawaru.
             Killed by divine providence
             ... invoked by an orc priest
              (17 damage)
             ... on level 9 of the Dungeon.
             The game lasted 00:01:13 (12237 turns).

qw the Cleaver (Tengu Warper)                      Turns: 12237, Time: 00:01:13

Health: -1/60      AC: 20    Str: 15    XL:     10   Next: 71%
Magic:  13/14      EV:  9    Int:  9    God:    Okawaru [**....]
Gold:   534        SH:  0    Dex: 15    Spells: 13/13 levels left

rFire   . . .      SeeInvis .   Y - +0 war axe
rCold   + . .      Faith    .   (no shield)
rNeg    . . .      Spirit   .   a - +2 plate armour {rPois}
rPois   +          Reflect  .   (helmet restricted)
rElec   .          Harm     .   (no cloak)
rCorr   +          Rampage  .   n - +2 pair of gloves
Will    .....                   (boots unavailable)
Stlth   ..........              (no amulet)
HPRegen 0.20/turn               j - ring of Dutudum {rPois rC+ rCorr Int-4}
MPRegen 0.14/turn               (no ring)

@: heroic, flying quickly and evasively, quick
A: beak, talons 3, nimble flight
a: Renounce Religion, Heroism


You were on level 9 of the Dungeon.
You worshipped Okawaru.
Okawaru was pleased with you.
You visited 2 branches of the dungeon, and saw 10 of its levels.

You collected 758 gold pieces.
You spent 224 gold pieces at shops.


Innate Abilities, Weirdness & Mutations

You have a beak for a mouth.
You have claws for feet.
Your magical nature lets you fly swiftly and evasively.


   Skills:
 - Level 6.1(11.1) Fighting
 + Level 13.2(18.2) Axes
 - Level 1.0(6.0) Throwing
 - Level 7.0(12.0) Armour
 - Level 3.0(8.0) Dodging
 - Level 2.0 Spellcasting
 - Level 2.4 Translocations
 - Level 4.2 Invocations


You had 13 spell levels left.
You didn't know any spells.
Your spell library contained the following spells:

 Spells                   Type           Power      Damage    Failure   Level
 Blink                    Tloc           10%        N/A       99%         2
 Gell's Gravitas          Tloc           5%         N/A       100%        3
 Lesser Beckoning         Tloc           5%         N/A       100%        3
 Teleport Other           Tloc           5%         N/A       100%        3
 Manifold Assault         Tloc           5%         N/A       100%        5

Inventory:

Hand Weapons
 k - a +0 flail
 Y - a +0 war axe (weapon)
Armour
 a - a +2 plate armour of poison resistance (worn)
 n - a +2 pair of gloves (worn)
Jewellery
 b - a ring of resist corrosion
 j - the ring of Dutudum (left hand) {rPois rC+ rCorr Int-4}
   (You acquired it on level 3 of the Dungeon)

   [ring of resist corrosion]

   Int:       It affects your intelligence (-4).
   rC:        It protects you from cold.
   rPois:     It protects you from poison.
   rCorr:     It protects you from acid and corrosion.
Scrolls
 e - 3 scrolls of identify
 g - 2 scrolls of teleportation
Potions
 c - a potion of berserk rage {unknown}
 d - 3 potions of cancellation
 f - a potion of might
 h - 5 potions of curing
 i - 2 potions of resistance
 l - 2 potions of haste
 m - a potion of magic

Dungeon Overview and Level Annotations

Branches:
Dungeon (9/15)             Temple (1/1) D:6
   Lair: D:8-11         Orc: D:9-12

Altars:
Ashenzari
Cheibriados
Dithmenos
Elyvilon
Fedhas
Gozag
Hepliaklqana
Kikubaaqudgha
Makhleb
Nemelex Xobeh
Okawaru
Qazlal
Sif Muna
Trog
Vehumet
Wu Jian
Xom
Yredelemnul
Zin
The Shining One

Shops:
D:4 !:(*   D:7 (

Annotations:
D:2 1 runed translucent door, Crazy Yiuf
D:3 1 runed translucent door, qw's ghost, amateur TeWr


Message History

The orc warrior shouts!
The orc warrior unwields a +0 halberd.
The orc warrior wields a +0 arbalest.
The orc warrior shoots a bolt.
The bolt hits you but does no damage.
Enter note:
12228 ||| INVOKING Heroism.
You gain the combat prowess of a mighty hero.
An orc wizard comes into view. It is wielding a +4 dagger.
The orc wizard shouts!
The orc warrior shoots a bolt.
The bolt hits you!
An orc priest comes into view. It is wielding a +0 club.
Found a pair of glowing boots.
Found a stone staircase leading down.
The orc warrior shoots a bolt.
The bolt hits you.
The orc warrior shoots a bolt.
The bolt hits you.
The orc wizard hits you with a +4 dagger.
The orc warrior shoots a bolt.
The bolt hits you!
You hit the orc wizard. Your kick misses the orc wizard.
The orc wizard is lightly wounded.
The orc wizard hits you but does no damage.
The orc priest calls upon Beogh to heal the orc wizard.
The orc wizard's wounds heal themselves!
The orc warrior shoots a bolt.
The bolt hits you.
You slash the orc wizard!
You claw the orc wizard, but do no damage.
Your peck misses the orc wizard.
The orc wizard is severely wounded.
The orc wizard casts a spell at you.
The magic dart hits you but does no damage.
You closely miss the orc wizard. You claw the orc wizard.
You kill the orc wizard!
Okawaru accepts your kill.
You closely miss the orc priest. You hit the orc priest.
Your kick misses the orc priest.
The orc priest is moderately wounded.
The orc priest casts a cantrip, but nothing happens.
You completely miss the orc priest. Your kick misses the orc priest.
You peck the orc priest.
The orc priest is heavily wounded.
The orc priest calls down the wrath of Beogh upon you.
Beogh smites you!
You die...

##........ #.........
#......... #.........
#......... #.........
#..)...... #######
#@oo..... #.....#
###......>.
#.....#######.....###.#
#.................#
#.....########.#.##
####............#.#
............#####..
...#...........# #[.
................ ...


You could see an orc warrior and an orc priest.

Vanquished Creatures
  Pikel (D:7)
  Maggie (D:7)
  A shadow (D:6)
  A steam dragon (D:8)
  Eustachio (D:5)
  An acid dragon (D:6)
  An orc warrior (D:6)
  4 water moccasins
  4 ice beasts
  3 black bears (D:5)
  A sky beast (D:8)
  5 ogres
  4 centaurs
  A lemure (D:7)
  A phantom (D:7)
  2 kobold brigands
  4 bullfrogs (D:8)
  3 necrophages
  3 scorpions
  2 water moccasin skeletons (D:4)
  6 killer bees (D:8)
  2 vampire bats (D:5)
  4 howler monkeys
  A centaur zombie (D:4)
  A hound (D:6)
  5 orc priests
  4 jellies
  A centaur skeleton (D:4)
  A scorpion zombie (D:4)
  4 iguanas
  4 orc wizards
  2 hound skeletons (D:4)
  11 adders
  4 gnolls (D:3)
  4 white imps
  4 ufetubi
  3 adder skeletons (D:4)
  2 adder zombies (D:4)
  3 worms
  5 dart slugs
  13 orcs
  6 ball pythons
  15 bats
  9 endoplasms
  2 giant cockroaches (D:1)
  8 goblins
  4 hobgoblins
  4 jackals
  4 quokkas
  A frilled lizard (D:2)
  8 kobolds
  A quokka skeleton (D:4)
  5 rats
  A spectral kobold (D:1)
196 creatures vanquished.

Vanquished Creatures (others)
  4 plants (D:6)
4 creatures vanquished.

Grand Total: 200 creatures vanquished

Notes
Turn   | Place    | Note
-------+----------+-------------------------------------------
     0 | D:1      | qw the Tengu Warper began the quest for the Orb.
     0 | D:1      | Reached XP level 1. HP: 12/12 MP: 4/4
     0 | D:1      | 0 ||| qw: Version: 0.1-a-89-g26bdef1
     0 | D:1      | 0 ||| qw: Game counter: 204
     0 | D:1      | 0 ||| qw: Always use a shield: true
     0 | D:1      | 0 ||| qw: God list: Okawaru
     0 | D:1      | 0 ||| qw: Allow faded altars: false
     0 | D:1      | 0 ||| qw: Do Orc after D:15 true
     0 | D:1      | 0 ||| qw: Do second Lair branch before Depths: true
     0 | D:1      | 0 ||| qw: Lair rune preference: random
     0 | D:1      | 0 ||| qw: Plans: Normal
     0 | D:1      | 0 ||| PLANNING D:1-11
    26 | D:1      | Reached XP level 2. HP: 8/17 MP: 6/6
    36 | D:1      | Reached skill level 3 in Axes
   481 | D:1      | Found a faded altar of an unknown god.
   498 | D:1      | 498 ||| Stepping ~*~*~tactically~*~*~ (stealth).
   499 | D:1      | 499 ||| Stepping ~*~*~tactically~*~*~ (stealth).
   793 | D:1      | 793 ||| READING 2 scrolls labelled JASIOG AMUO.
   794 | D:1      | 794 ||| READING 2 scrolls labelled CYUTRE LIUL.
   795 | D:1      | 795 ||| DRINKING 2 bubbling green potions.
   796 | D:1      | 796 ||| DROPPING scroll of blinking.
   797 | D:1      | 797 ||| DROPPING scroll of fog.
   842 | D:2      | Reached XP level 3. HP: 14/21 MP: 7/7
   948 | D:2      | Reached skill level 4 in Axes
  1228 | D:2      | Found a runed translucent door.
  1229 | D:2      | Noticed Crazy Yiuf
  1807 | D:2      | Reached XP level 4. HP: 26/26 MP: 8/8
  2000 | D:2      | HP: 5/26 [poisoned by an adder]
  2003 | D:2      | HP: 2/26 [poisoned by an adder]
  2145 | D:2      | 2145 ||| Stepping ~*~*~tactically~*~*~ (stealth).
  2520 | D:2      | Reached skill level 5 in Axes
  2693 | D:2      | 2693 ||| UPGRADING to +0 chain mail.
  2703 | D:2      | 2703 ||| DROPPING +0 leather armour.
  2704 | D:2      | 2704 ||| UPGRADING to +0 pair of gloves.
  2709 | D:2      | 2709 ||| READING scroll of enchant armour.
  2709 | D:2      | 2709 ||| ENCHANTING +0 pair of gloves.
  2710 | D:2      | 2710 ||| READING scroll labelled VOUKHL POASK.
  2711 | D:2      | 2711 ||| READING scroll labelled SYGEUG MUIRAVA.
  2712 | D:2      | 2712 ||| READING scroll labelled WAHU CITWUUMUU.
  2713 | D:2      | 2713 ||| READING scroll labelled NOJYT KEME.
  2776 | D:2      | 2776 ||| READING scroll labelled KOMYPLOGEG.
  2776 | D:2      | Identified a scroll of acquirement
  2776 | D:2      | 2776 ||| ACQUIRING +2 plate armour of poison resistance
  2776 | D:2      | Acquired a +2 plate armour of poison resistance
  2778 | D:2      | 2778 ||| UPGRADING to +2 plate armour of poison resistance.
  2788 | D:2      | 2788 ||| DROPPING +0 chain mail.
  2789 | D:2      | 2789 ||| DRINKING 2 dark potions.
  2853 | D:3      | 2853 ||| DROPPING +0 club.
  2934 | D:3      | Found an ornate altar of the Wu Jian Council.
  2963 | D:3      | Found a white marble altar of Elyvilon.
  3010 | D:3      | 3010 ||| READING scroll of acquirement.
  3010 | D:3      | 3010 ||| ACQUIRING ring of Dutudum {rPois rC+ rCorr Int-4}
  3010 | D:3      | Acquired the ring of Dutudum {rPois rC+ rCorr Int-4}
  3012 | D:3      | 3012 ||| UPGRADING to ring of Dutudum {rPois rC+ rCorr
                  | Int-4}.
  3051 | D:3      | 3051 ||| Stepping ~*~*~tactically~*~*~ (hiding).
  3053 | D:3      | Identified the +8 dagger of the Poles {protect, rCorr Int+5
                  | Dex+2}
  3072 | D:3      | Gained mutation: Your magical nature lets you fly swiftly
                  | and evasively. [Tengu growth]
  3072 | D:3      | Reached XP level 5. HP: 28/30 MP: 9/9
  3091 | D:3      | HP: 3/30 [orc/+0 trident (7)]
  3092 | D:3      | 3092 ||| READING scroll of teleportation.
  3656 | D:3      | Reached skill level 6 in Axes
  3656 | D:3      | 3656 ||| DROPPING +0 mace.
  3770 | D:3      | Found a runed translucent door.
  3770 | D:3      | Noticed qw's ghost (amateur TeWr)
  3930 | D:3      | 3930 ||| Stepping ~*~*~tactically~*~*~ (hiding).
  3931 | D:3      | 3931 ||| Stepping ~*~*~tactically~*~*~ (hiding).
  4166 | D:3      | 4166 ||| READING scroll labelled EFUSEOQOGG.
  4167 | D:3      | 4167 ||| READING 2 scrolls labelled DAESMI TESTUMY.
  4168 | D:3      | 4168 ||| READING scroll labelled ENUPEODDUDYU.
  4169 | D:3      | 4169 ||| READING scroll labelled JOUNURPH HEKYMU.
  4291 | D:4      | Found Quschepp's Antique Weapon Shop.
  4296 | D:4      | 4296 ||| Stepping ~*~*~tactically~*~*~ (stealth).
  4300 | D:4      | 4300 ||| STAIRDANCE
  4311 | D:3      | Reached skill level 3 in Armour
  4311 | D:3      | Reached XP level 6. HP: 20/35 MP: 10/10
  4492 | D:4      | 4492 ||| SHOPLISTING runed war axe (169 gold, have 159).
  4497 | D:4      | 4497 ||| Stepping ~*~*~tactically~*~*~ (hiding).
  4499 | D:4      | 4499 ||| Stepping ~*~*~tactically~*~*~ (hiding).
  4511 | D:4      | 4511 ||| Stepping ~*~*~tactically~*~*~ (stealth).
  4529 | D:4      | 4529 ||| Stepping ~*~*~tactically~*~*~ (stealth).
  4664 | D:4      | Reached skill level 7 in Axes
  4669 | D:4      | Reached XP level 7. HP: 31/40 MP: 11/11
  4785 | D:4      | Reached skill level 3 in Fighting
  5081 | D:4      | Found Oluitri's General Store.
  5187 | D:4      | Reached skill level 8 in Axes
  5241 | D:4      | Found Woxtasud's Book Emporium.
  5290 | D:4      | 5290 ||| READING scroll of enchant armour.
  5290 | D:4      | 5290 ||| ENCHANTING +1 pair of gloves.
  5398 | D:4      | Found Tarphoy's Distillery.
  5453 | D:4      | 5453 ||| BUYING potion of curing (33 gold).
  5453 | D:4      | Bought a potion of curing for 33 gold pieces
  5453 | D:4      | 5453 ||| BUYING potion of curing (33 gold).
  5453 | D:4      | Bought a potion of curing for 33 gold pieces
  5453 | D:4      | 5453 ||| BUYING potion of haste (110 gold).
  5453 | D:4      | Bought a potion of haste for 110 gold pieces
  5453 | D:4      | 5453 ||| SHOPLISTING potion of heal wounds (55 gold, have
                  | 30).
  5453 | D:4      | 5453 ||| SHOPLISTING potion of might (44 gold, have 30).
  5453 | D:4      | 5453 ||| SHOPLISTING potion of resistance (110 gold, have
                  | 30).
  5463 | D:4      | Found an opulent altar of Gozag.
  5495 | D:4      | Found a bloodstained altar of Trog.
  6077 | D:4      | 6077 ||| READING 2 scrolls labelled QUFER RYVY.
  6078 | D:4      | 6078 ||| READING scroll of enchant weapon.
  6078 | D:4      | 6078 ||| ENCHANTING +1 hand axe.
  6079 | D:4      | 6079 ||| DRINKING 2 purple potions.
  6120 | D:4      | 6120 ||| READING 2 scrolls of identify.
  6120 | D:4      | 6120 ||| IDENTIFYING ruby potion
  6121 | D:4      | 6121 ||| DROPPING potion of magic.
  6122 | D:4      | 6122 ||| DROPPING potion of lignification.
  6278 | D:4      | 6278 ||| READING 2 scrolls of teleportation.
  6279 | D:4      | 6279 ||| STAIRDANCE
  6371 | D:4      | 6371 ||| READING scroll of teleportation.
  6372 | D:4      | 6372 ||| STAIRDANCE
  6439 | D:5      | Entered Level 5 of the Dungeon
  6442 | D:5      | 6442 ||| STAIRDANCE
  6483 | D:5      | Reached XP level 8. HP: 36/46 MP: 12/12
  6624 | D:5      | Reached skill level 9 in Axes
  6811 | D:5      | 6811 ||| READING scroll of enchant weapon.
  6811 | D:5      | 6811 ||| ENCHANTING +2 hand axe.
  6842 | D:5      | Found a sparkling altar of Nemelex Xobeh.
  7207 | D:5      | Reached skill level 10 in Axes
  7371 | D:5      | 7371 ||| Stepping ~*~*~tactically~*~*~ (stealth).
  7376 | D:5      | Noticed Eustachio
  7389 | D:5      | Killed Eustachio
  7394 | D:5      | Reached XP level 9. HP: 46/52 MP: 13/13
  7873 | D:5      | 7873 ||| DROPPING +6 ring of intelligence.
  7874 | D:5      | 7874 ||| DRINKING 2 fizzy amethyst potions.
  8010 | D:4      | 8010 ||| SHOPLISTING 2 potions of might (96 gold, have 94).
  8010 | D:4      | 8010 ||| BUYING scroll of identify (24 gold).
  8010 | D:4      | Bought a scroll of identify for 24 gold pieces
  8010 | D:4      | 8010 ||| BUYING scroll of identify (24 gold).
  8010 | D:4      | Bought a scroll of identify for 24 gold pieces
  8010 | D:4      | 8010 ||| READING 3 scrolls of identify.
  8010 | D:4      | 8010 ||| IDENTIFYING clear potion
  8011 | D:4      | 8011 ||| READING 2 scrolls of identify.
  8011 | D:4      | 8011 ||| IDENTIFYING amethyst potion
  8012 | D:4      | 8012 ||| DROPPING potion of brilliance.
  8013 | D:4      | 8013 ||| DROPPING potion of invisibility.
  8094 | D:6      | 8094 ||| Stepping ~*~*~tactically~*~*~ (hiding).
  8109 | D:6      | Reached skill level 11 in Axes
  8179 | D:6      | 8179 ||| Stepping ~*~*~tactically~*~*~ (hiding).
  8533 | D:6      | Found a staircase to the Ecumenical Temple.
  8534 | D:6      | 8534 ||| PLANNING TEMPLE
  8534 | D:6      | 8534 ||| READING 2 scrolls of identify.
  8534 | D:6      | 8534 ||| IDENTIFYING smoky amethyst potion
  8535 | D:6      | 8535 ||| DROPPING potion of flight.
  8544 | Temple   | Entered the Ecumenical Temple
  8562 | Temple   | Became a worshipper of Warmaster Okawaru
  8625 | Temple   | 8625 ||| PLANNING D:1-11
  8661 | D:6      | 8661 ||| SWAPPING to +0 war axe.
  8704 | D:6      | 8704 ||| DROPPING +3 hand axe.
  8732 | D:6      | 8732 ||| Stepping ~*~*~tactically~*~*~ (hiding).
  8742 | D:6      | 8742 ||| Stepping ~*~*~tactically~*~*~ (stealth).
  8743 | D:6      | 8743 ||| Stepping ~*~*~tactically~*~*~ (stealth).
  8752 | D:6      | Reached skill level 12 in Axes
  8752 | D:6      | 8752 ||| FLEEEEING.
  8753 | D:6      | 8753 ||| FLEEEEING.
  8755 | D:6      | 8755 ||| FLEEEEING.
  8756 | D:6      | 8756 ||| FLEEEEING.
  8757 | D:6      | 8757 ||| FLEEEEING.
  8758 | D:6      | 8758 ||| FLEEEEING.
  8759 | D:6      | 8759 ||| FLEEEEING.
  8760 | D:6      | 8760 ||| FLEEEEING.
  8761 | D:6      | 8761 ||| FLEEEEING.
  8765 | D:6      | 8765 ||| FLEEEEING.
  8766 | D:6      | 8766 ||| FLEEEEING.
  8767 | D:6      | 8767 ||| FLEEEEING.
  8768 | D:6      | 8768 ||| FLEEEEING.
  8769 | D:6      | 8769 ||| FLEEEEING.
  8770 | D:6      | 8770 ||| FLEEEEING.
  8772 | D:6      | 8772 ||| FLEEEEING.
  8785 | D:6      | 8785 ||| Stepping ~*~*~tactically~*~*~ (hiding).
  8786 | D:6      | 8786 ||| Stepping ~*~*~tactically~*~*~ (hiding).
  8790 | D:6      | Reached * piety under Okawaru
  8791 | D:6      | Reached skill level 6 in Armour
  8848 | D:6      | 8848 ||| Stepping ~*~*~tactically~*~*~ (stealth).
  8862 | D:6      | Reached skill level 1 in Invocations
  9072 | D:6      | Reached skill level 3 in Dodging
  9079 | D:6      | 9079 ||| Stepping ~*~*~tactically~*~*~ (hiding).
  9080 | D:6      | 9080 ||| INVOKING Heroism.
  9099 | D:6      | 9099 ||| INVOKING Heroism.
  9104 | D:6      | HP: 10/54 [orc/sling bullet (6)]
  9105 | D:6      | 9105 ||| READING 2 scrolls of teleportation.
  9113 | D:6      | 9113 ||| Stepping ~*~*~tactically~*~*~ (stealth).
  9118 | D:6      | 9118 ||| READING scroll of teleportation.
  9120 | D:6      | 9120 ||| INVOKING Heroism.
  9124 | D:6      | Reached XP level 10. HP: 14/59 MP: 11/14
  9506 | D:6      | 9506 ||| INVOKING Heroism.
  9635 | D:7      | Noticed Maggie
  9636 | D:7      | 9636 ||| INVOKING Heroism.
  9655 | D:7      | Killed Maggie
  9656 | D:7      | Reached skill level 6 in Fighting
  9656 | D:7      | Reached skill level 3 in Invocations
  9765 | D:7      | 9765 ||| INVOKING Heroism.
  9767 | D:7      | 9767 ||| Stepping ~*~*~tactically~*~*~ (stealth).
  9908 | D:7      | 9908 ||| Stepping ~*~*~tactically~*~*~ (stealth).
  9989 | D:7      | 9989 ||| INVOKING Heroism.
 10125 | D:7      | Found Utit's Weapon Emporium.
 10135 | D:7      | 10135 ||| INVOKING Heroism.
 10363 | D:7      | Noticed Pikel
 10363 | D:7      | 10363 ||| Stepping ~*~*~tactically~*~*~ (stealth).
 10365 | D:7      | 10365 ||| Stepping ~*~*~tactically~*~*~ (stealth).
 10370 | D:7      | 10370 ||| Stepping ~*~*~tactically~*~*~ (stealth).
 10371 | D:7      | 10371 ||| Stepping ~*~*~tactically~*~*~ (stealth).
 10377 | D:7      | 10377 ||| Stepping ~*~*~tactically~*~*~ (stealth).
 10378 | D:7      | 10378 ||| INVOKING Heroism.
 10384 | D:7      | Killed Pikel
 10554 | D:7      | 10554 ||| INVOKING Heroism.
 10850 | D:7      | 10850 ||| READING scroll labelled ZIMIPA NANUPO.
 10851 | D:7      | 10851 ||| READING 2 scrolls of identify.
 10851 | D:7      | 10851 ||| IDENTIFYING puce potion
 10852 | D:7      | 10852 ||| DROPPING potion of attraction.
 10940 | D:8      | 10940 ||| INVOKING Heroism.
 10953 | D:8      | 10953 ||| Stepping ~*~*~tactically~*~*~ (cloud).
 11095 | D:8      | 11095 ||| Stepping ~*~*~tactically~*~*~ (hiding).
 11096 | D:8      | 11096 ||| Stepping ~*~*~tactically~*~*~ (hiding).
 11097 | D:8      | 11097 ||| Stepping ~*~*~tactically~*~*~ (hiding).
 11098 | D:8      | 11098 ||| Stepping ~*~*~tactically~*~*~ (hiding).
 11099 | D:8      | 11099 ||| Stepping ~*~*~tactically~*~*~ (hiding).
 11101 | D:8      | 11101 ||| Stepping ~*~*~tactically~*~*~ (hiding).
 11189 | D:8      | 11189 ||| Stepping ~*~*~tactically~*~*~ (hiding).
 11190 | D:8      | 11190 ||| Stepping ~*~*~tactically~*~*~ (hiding).
 11191 | D:8      | 11191 ||| Stepping ~*~*~tactically~*~*~ (hiding).
 11192 | D:8      | 11192 ||| Stepping ~*~*~tactically~*~*~ (hiding).
 11193 | D:8      | 11193 ||| Stepping ~*~*~tactically~*~*~ (hiding).
 11323 | D:8      | 11323 ||| FLEEEEING.
 11385 | D:8      | 11385 ||| Stepping ~*~*~tactically~*~*~ (stealth).
 11393 | D:8      | Reached skill level 13 in Axes
 11555 | D:8      | 11555 ||| INVOKING Heroism.
 11567 | D:8      | Reached ** piety under Okawaru
 11882 | D:8      | 11882 ||| Stepping ~*~*~tactically~*~*~ (hiding).
 11883 | D:8      | 11883 ||| Stepping ~*~*~tactically~*~*~ (hiding).
 11891 | D:8      | 11891 ||| INVOKING Heroism.
 12113 | D:8      | 12113 ||| READING 3 scrolls of identify.
 12113 | D:8      | 12113 ||| IDENTIFYING lumpy red potion
 12114 | D:8      | 12114 ||| DROPPING potion of ambrosia.
 12140 | D:9      | Found a snail-covered altar of Cheibriados.
 12146 | D:9      | Found a stormy altar of Qazlal.
 12228 | D:9      | 12228 ||| INVOKING Heroism.
 12237 | D:9      | Killed from afar by an orc priest

Levels and vault maps discovered:
D:1:      dpeg_arrival_stonehenge_12_columns, layout_rooms,
          dreamdust_ecumenical_altar_drowned_temple,
          chequers_serial_rivers_small_b, st_stairs_14
D:2:      layout_basic, minmay_hedge_maze, roderic_lattice_a,
          uniq_crazy_yiuf_cottage
D:3:      layout_loops_ring, mainiacjoe_overflow_small_starburst,
          mainiacjoe_overflow_surrounded_room, ebering_ghost_inner_flame,
          kennysheep_generic_room_2
D:4:      layout_layer_cave, nicolae_gozag_cash_rules_everything_around_me,
          mainiacjoe_overflow_brackets, serial_undead, serial_undead_f,
          serial_undead_a, serial_undead_b, serial_undead_f, serial_shops,
          nicolae_take_the_stairs, nicolae_shop_temple_entry_statues_fountains,
          nicolae_stop_n_shop_1, nicolae_shop_hallway_stairs
D:5:      layout_basic, mainiacjoe_overflow_alcove_1, grunt_ministairs_7,
          roderic_batcave, uniq_eustachio
D:6:      hangedman_cross_stitches, layout_basic, minmay_temple_entry_ruins,
          hangedman_decor_riveting, serial_bayou_pond_b, minmay_crossroads
D:7:      layout_basic, serial_shops, shop, chequers_serial_rivers_micro_d,
          minmay_holes, uniq_pikel, uniq_maggie
D:8:      minmay_inner_zag, layout_gridville
D:9:      layout_rooms, grunt_temple_overflow_open, lair_entry_dummy
Temple:   dshaligram_water_room_temple

Skill      XL: |  1  2  3  4  5  6  7  8  9 10 |
---------------+-------------------------------+-----
Axes           | 3 4 5 6 7 8 10 12 13 | 13.2
Armour         | 2 3 4 5 6 7 |  7.0
Fighting       | 3 4 5 6 |  6.1
Invocations    | 2 4 |  4.2
Dodging        | 3 |  3.0
Throwing       | |  1.0
Spellcasting   | |  2.0
Translocations | |  2.4

Action                   |  1- 3 |  4- 6 |  7- 9 | 10-12 || total
-------------------------+-------+-------+-------+-------++-------
Melee: Hand axe          |    79 |   182 |   210 |       ||   471
       Kick              |    17 |    60 |   106 |    29 ||   212
       Peck              |     9 |    31 |    58 |    25 ||   123
       Punch             |     2 |     2 |     5 |     2 ||    11
       War axe           |       |       |    74 |   141 ||   215
Throw: Boomerang         |     7 |       |       |    11 ||    18
Invok: Heroism           |       |       |     3 |    11 ||    14
  Use: Scroll            |     2 |    12 |    12 |     3 ||    29
       Potion            |     1 |     1 |     2 |       ||     4
 Stab: Sleeping          |     1 |       |       |       ||     1
Armor: Leather armour    |    15 |     6 |       |       ||    21
       Plate armour      |       |   143 |   193 |    80 ||   416
Dodge: Dodged            |    36 |    41 |    70 |    39 ||   186

Table legend:
 A = Non-vault XP
 B = Vault XP
 C = Vault XP percentage of total XP
 D = Non-vault monster count
 E = Vault monster count
 F = Vault count percentage of total count
                 A         B        C        D         E       F
            +---------+---------+-------+---------+---------+-------
      Total |    4429 |    3512 |  44.2 |     143 |      52 |  26.7
            +---------+---------+-------+---------+---------+-------
        D:1 |      29 |       4 |  12.1 |      18 |       3 |  14.3
        D:2 |      92 |       0 |   0.0 |      24 |       0 |   0.0
        D:3 |     226 |       2 |   0.9 |      23 |       1 |   4.2
        D:4 |     377 |     459 |  54.9 |      22 |      14 |  38.9
        D:5 |    1199 |     307 |  20.4 |      12 |      13 |  52.0
        D:6 |     828 |    1171 |  58.6 |      15 |      12 |  44.4
        D:7 |     722 |    1047 |  59.2 |      15 |       2 |  11.8
        D:8 |     863 |     522 |  37.7 |      12 |       7 |  36.8
        D:9 |      93 |       0 |   0.0 |       2 |       0 |   0.0
            +---------+---------+-------+---------+---------+-------
